 Dungeon Crawl Stone Soup version 0.25-a0-781-gc44aebf4fe (webtiles) character file.

Game seed: 2895725018338517745, levelgen mode: deterministic

11 tilp the Bolt Thrower (level 2, -2/16 HPs)
             Began as a Kobold Arcane Marksman on Apr 15, 2020.
             Slain by a gnoll
             ... wielding a cursed +0 club
              (4 damage)
             ... on level 1 of the Dungeon.
             The game lasted 00:03:57 (606 turns).

tilp the Bolt Thrower (Kobold Arcane Marksman)       Turns: 606, Time: 00:03:58

Health: -2/16      AC:  2    Str:  7    XL:     2   Next: 35%
Magic:  3/3        EV: 15    Int: 14    God:
Gold:   0          SH:  0    Dex: 15    Spells: 2/3 levels left

rFire    . . .     SeeInvis .   a - +0 hand crossbow
rCold    . . .     Gourm    .   (shield restricted)
rNeg     . . .     Faith    .   e - +0 robe
rPois    .         Spirit   .   (no helmet)
rElec    .         Reflect  .   (no cloak)
rCorr    .         Harm     .   (no gloves)
MR       .....                  (no boots)
Stlth    +.........             (no amulet)
HPRegen  0.05/turn              (no ring)
MPRegen  0.08/turn              (no ring)

@: no status effects
A: small, carnivore
a: no special abilities


You were on level 1 of the Dungeon.
You were very full.

You visited 1 branch of the dungeon, and saw 1 of its levels.

Inventory:

Hand Weapons
 a - a +0 hand crossbow (weapon)
 b - a +0 club
Missiles
 d - a bolt (quivered)
 h - 3 atropa-tipped darts
Armour
 e - a +0 robe (worn)
Jewellery
 g - an uncursed amulet of rage {unknown}
Comestibles
 c - 2 rations


   Skills:
 - Level 1.1 Fighting
 + Level 3.5 Crossbows
 - Level 2.4 Dodging
 - Level 1.1 Spellcasting
 - Level 3.0 Hexes


You had 2 spell levels left.
You knew the following spells:

 Your Spells              Type           Power        Failure   Level  Hunger
a - Corona                Hex            #......      8%          1    ##.....

Your spell library contained the following spells:

 Spells                   Type           Power        Failure   Level  Hunger
 Slow                     Hex            #.......     12%         2    ###....
 Inner Flame              Hex/Fire       #.......     38%         3    ####...
 Portal Projectile        Hex/Tloc       #.....       38%         3    ####...
 Cause Fear               Hex            #.........   58%         4    #####..
 Leda's Liquefaction      Hex/Erth       #.........   80%         4    #####..


Dungeon Overview and Level Annotations

Branches:
Dungeon (1/15)

Altars:


Innate Abilities, Weirdness & Mutations

You are small and have problems with some larger weapons.
You are carnivorous and can eat meat at any time.


Message History

You shoot a bolt. The bolt hits the gnoll.
The gnoll is moderately wounded.
The gnoll hits you with a cursed +0 club.
* * * LOW HITPOINT WARNING * * *
Firing (i - inventory. (/) - cycle)
d - 3 bolts (quivered)
Press: ? - help, Shift-Dir - straight line, f/p - gnoll
Aim: a gnoll, wielding a +0 club (moderately wounded)
You shoot a bolt. The bolt closely misses the gnoll.
The bolt closely misses the hobgoblin.
The bolt hits the rat!
You kill the rat!
The gnoll barely misses you.
Firing (i - inventory. (/) - cycle)
d - 2 bolts (quivered)
Press: ? - help, Shift-Dir - straight line, f/p - gnoll
Aim: a gnoll, wielding a +0 club (moderately wounded)
You shoot a bolt. The bolt hits the gnoll.
The gnoll is severely wounded.
The gnoll hits you with a cursed +0 club.
* * * LOW HITPOINT WARNING * * *
The gnoll hits you with a cursed +0 club.
You die...

#...............#
#..........#######.# .#
#######+##)# #.##'######
###+##.#######.#.........
#......##....#.#.........
#......##....#.#.........
##......##....#.#.......bs
#.......##....#.#.......⌠.
+.......gg@...'...........
#....##.##....#.#.........
#....##.##....#....###...
#..####.##....#....# #.(.#
#............#
##...###............#
##..#.g###........)(.####
##..###..##.........(......
##..##
##..######.....(.....


You could see a gnoll and a hobgoblin.

Vanquished Creatures
  3 goblins (D:1)
  A hobgoblin (D:1)
  A kobold (D:1)
  6 rats (D:1)
11 creatures vanquished.

Notes
Turn   | Place    | Note
-------+----------+-------------------------------------------
     0 | D:1      | tilp the Kobold Arcane Marksman began the quest for the
                  | Orb.
     0 | D:1      | Reached XP level 1. HP: 12/12 MP: 2/2
   142 | D:1      | Reached XP level 2. HP: 16/16 MP: 3/3
   606 | D:1      | Slain by a gnoll

Levels and vault maps discovered:
D:1:      dpeg_chamrin_arrival_tetris, layout_basic, hangedman_feature_mirror

Skill      XL: |  1 |
---------------+----+-----
Crossbows      | 3 |  3.5
Fighting       | |  1.1
Dodging        | |  2.4
Spellcasting   | |  1.1
Hexes          | |  3.0

Action                   || total
-------------------------++-------
 Fire: Hand crossbow     ||    33
Throw: Dart              ||     2
  Eat: Chunk             ||     6
Dodge: Dodged            ||    11

Table legend:
 A = Non-vault XP
 B = Vault XP
 C = Vault XP percentage of total XP
 D = Non-vault monster count
 E = Vault monster count
 F = Vault count percentage of total count
                 A         B        C        D         E       F
            +---------+---------+-------+---------+---------+-------
      Total |      15 |       1 |   6.2 |      10 |       1 |   9.1
            +---------+---------+-------+---------+---------+-------
        D:1 |      15 |       1 |   6.2 |      10 |       1 |   9.1
            +---------+---------+-------+---------+---------+-------
